AoeStats
← Kuaför Sabit Akkaya

Arena

510194318Analyzed
3v3 RM · 14h ago on Sep 29, 2026· 47m 5s· 6 players
Game mode
Random Map
Map size
Normal (6 player)
Population
200
Speed
Normal
Resources
Standard
Victory
Conquest
Starting age
Dark Age
Ending age
Imperial Age
RankedLock teamsTeams togetherTeam positionsShared explorationLock speedFull tech treeHidden civsTurbo modeCheats
Victory
Defeat
🇦🇷 Ethiopians · Argentina
1567
+12
🇦🇷 Malay · Argentina
1365
+20
🇦🇷 Burgundians · Argentina
1310
+23
🇹🇷 Bohemians · Türkiye
1476
-19
🇹🇷 Japanese · Türkiye
1475
-19
🇹🇷 Cumans · Türkiye
1436
-17
Kuaför Sabit Akkaya
6:24 Loom
9:03 Feudal Age
20:02 Double-Bit Axe
24:36 Horse Collar
26:27 Wheelbarrow
28:48 Castle Age
27:07 Gold Mining
32:53 Pikeman
35:28 Hand Cart
35:27 Squires
37:10 Town Watch
38:06 Elite Skirmisher
38:41 Fletching
38:51 Padded Archer Armor
39:36 Bodkin Arrow
39:42 Scale Mail Armor
obezitekaan
8:06 Loom
9:52 Feudal Age
11:07 Man-at-Arms
12:20 Scale Mail Armor
19:30 Fletching
26:08 Castle Age
24:01 Gold Mining
23:53 Horse Collar
24:07 Double-Bit Axe
26:19 Pikeman
26:44 Arson
27:20 Chain Mail Armor
27:16 Forging
26:51 Elite Skirmisher
28:18 Bodkin Arrow
29:54 Bow Saw
30:43 Stone Mining
31:31 Gold Shaft Mining
31:27 Padded Archer Armor
34:17 Heavy Plow
37:24 Imperial Age
35:44 Leather Archer Armor
36:32 Ballistics
37:06 Thumb Ring
43:01 Siege Engineers
44:28 Bracer
44:58 Ring Archer Armor
45:39 Ring Archer Armor
OUTPOST ENJOYER
5:08 Loom
10:36 Feudal Age
14:34 Castle Age
12:27 Double-Bit Axe
15:34 Bow Saw
17:48 Fervor
18:07 Horse Collar
18:40 Scale Mail Armor
19:22 Sanctity
19:45 Wheelbarrow
19:32 Town Watch
22:08 Chain Mail Armor
22:28 Redemption
22:37 Pikeman
23:50 Squires
24:48 Heavy Plow
27:02 Hand Cart
27:44 Fortified Wall
30:29 Imperial Age
28:20 Padded Archer Armor
30:00 Chemistry
30:22 Leather Archer Armor
32:34 Block Printing
33:34 Two-Man Saw
34:32 Wagenburg Tactics
35:45 Conscription
38:36 Fletching
39:17 Ring Archer Armor
38:55 Siege Engineers
39:04 Elite Skirmisher
39:41 Bodkin Arrow
41:17 Bracer
43:16 Houfnice
46:59 Ballistics
46:34 Murder Holes
FGK | deplax
5:02 Double-Bit Axe
10:37 Feudal Age
8:55 Horse Collar
13:00 Scale Barding Armor
13:55 Forging
20:38 Castle Age
18:47 Gold Mining
19:25 Bow Saw
20:55 Heavy Plow
20:43 Cavalier
21:50 Chain Barding Armor
22:43 Husbandry
28:01 Wheelbarrow
27:13 Loom
27:21 Town Watch
28:46 Light Cavalry
32:12 Hand Cart
40:10 Imperial Age
40:16 Hussar
40:26 Paladin
41:40 Hussar
43:03 Plate Barding Armor
43:36 Chemistry
44:25 Conscription
45:51 Burgundian Vineyards
FGK | broxo
8:57 Feudal Age
9:23 Double-Bit Axe
11:22 Loom
12:13 Fletching
21:37 Castle Age
21:09 Bodkin Arrow
20:39 Crossbowman
25:13 Town Watch
25:21 Horse Collar
25:59 Bow Saw
27:11 Gold Mining
31:46 Wheelbarrow
35:23 Imperial Age
33:52 Padded Archer Armor
36:23 Chemistry
36:35 Leather Archer Armor
37:11 Redemption
37:37 Hand Cart
37:23 Heavy Plow
38:35 Gold Shaft Mining
37:50 Stone Mining
38:22 Forging
38:54 Block Printing
39:07 Ballistics
41:07 Crop Rotation
41:22 Ring Archer Armor
41:38 Iron Casting
41:05 Bracer
42:07 Ring Archer Armor
41:19 Elite Skirmisher
42:21 Elite Karambit Warrior
43:23 Conscription
44:17 Blast Furnace
44:30 Thumb Ring
48:11 Stone Shaft Mining
Casitas Voy
10:49 Feudal Age
11:51 Double-Bit Axe
11:47 Horse Collar
14:24 Castle Age
16:03 Bow Saw
17:33 Loom
21:33 Town Watch
22:26 Wheelbarrow
23:48 Hand Cart
23:43 Devotion
24:02 Squires
25:33 Heavy Plow
25:39 Fletching
30:24 Imperial Age
27:56 Scale Mail Armor
29:38 Bodkin Arrow
31:06 Forging
31:12 Chain Mail Armor
31:41 Bracer
32:48 Chemistry
32:15 Masonry
32:09 Crossbowman
32:54 Thumb Ring
32:51 Padded Archer Armor
33:20 Arbalester
34:18 Leather Archer Armor
34:23 Guilds
36:13 Ballistics
36:14 Gold Mining
36:14 Stone Mining
37:01 Architecture
36:49 Siege Engineers
37:20 Ring Archer Armor
40:34 Plate Mail Armor
40:39 Iron Casting
42:06 Onager
43:08 Conscription
43:20 Torsion Engines
44:54 Blast Furnace
45:14 Siege Onager
47:25 Two-Man Saw
46:49 Conscription
Connection lost

Rejoining the realm…

Still unreachable

The connection could not be restored.

Session expired

The server has moved on; the page needs a fresh start.